 Dungeon Crawl Stone Soup version 0.31-a0-981-geadf994542 (webtiles) character file.

Game seed: 99098770569163413

2321 IdlyInterested the Trooper (level 9, -3/72 HPs)
             Began as a Demonspawn Fighter on Nov 1, 2023.
             Slain by a gargoyle
             ... wielding a +0 mace
              (12 damage)
             ... on level 7 of the Dungeon.
             The game lasted 00:26:02 (7551 turns).

IdlyInterested the Trooper (Demonspawn Fighter)     Turns: 7551, Time: 00:26:02

Health: -3/72      AC: 16    Str: 19    XL:     9   Next: 18%
Magic:  0/18       EV: 11    Int:  9    God:
Gold:   422        SH:  7    Dex: 21    Spells: 20/20 levels left

rFire   + . .        a - +0 rapier
rCold   . . .        c - +1 buckler
rNeg    . . .        w - quicksilver dragon scales
rPois   .            (helmet restricted)
rElec   .            F - +0 cloak
rCorr   .            (no gloves)
SInv    .            n - +2 pair of boots
Will    +....        (no amulet)
Stlth   ++           R - +6 ring of dexterity
HPRegen 0.32/turn    z - ring of protection from fire
MPRegen 0.32/turn

%: guardian spirit
@: mighty
A: antennae 1, icy blue scales 1, spiny 1, magic shield, magic regeneration
a: no special abilities


You were on level 7 of the Dungeon.
You visited 2 branches of the dungeon, and saw 8 of its levels.
You also visited: Sewer.

You collected 422 gold pieces.

Inventory:

Hand Weapons
 a - a +0 rapier (weapon)
 f - a +0 hand axe
 h - a +2 vampiric hand axe
 i - a +2 dagger of venom
 y - a +0 falchion
 B - a +0 morningstar
 L - a +2 hand axe of electrocution
 Q - a +2 spear of venom
 T - a +3 trident of freezing
 U - a +3 spear
Missiles
 e - 81 stones
 m - 24 poisoned darts (quivered)
 W - a curare-tipped dart
Armour
 b - an orb of energy
 c - a +1 buckler (worn)
 n - a +2 pair of boots (worn)
 w - quicksilver dragon scales (worn)
 F - a +0 cloak (worn)
Magical Staves
 u - a staff of air
 K - a staff of earth
Jewellery
 r - a ring of flight
 z - a ring of protection from fire (right hand)
 I - a ring of magical power
 R - a +6 ring of dexterity (left hand)
 S - a ring of fire
Wands
 G - a wand of charming (10)
 V - a wand of mindburst (19)
Scrolls
 g - a scroll of butterflies
 o - 2 scrolls of teleportation
 p - a scroll of silence
 q - 2 scrolls of fear
 x - a scroll of enchant armour
 A - 2 scrolls of fog
 C - a scroll of enchant weapon {unknown}
 D - a scroll of immolation
 E - a scroll of torment {unknown}
 M - a scroll of blinking {unknown}
 P - a scroll of revelation
Potions
 d - 2 potions of might
 j - a potion of degeneration {unknown}
 k - a potion of enlightenment {unknown}
 l - a potion of curing
 s - a potion of brilliance {unknown}
 t - 3 potions of haste
 v - 3 potions of cancellation
 H - a potion of attraction {unknown}
 N - a potion of berserk rage {unknown}
 O - a potion of magic {unknown}


   Skills:
 - Level 7.0 Fighting
 - Level 2.0 Short Blades
 - Level 3.0 Throwing
 - Level 3.0 Armour
 + Level 2.0 Dodging
 - Level 2.0 Stealth
 * Level 6.0 Shields
 - Level 6.0 Spellcasting
 - Level 2.0 Evocations


You had 20 spell levels left.
You didn't know any spells.
Your spell library contained the following spells:

 Spells                   Type           Power      Damage    Failure   Level
 Freeze                   Ice            8%         1d3       41%         1
 Slow                     Hex            8%         N/A       41%         1
 Blink                    Tloc           4%         N/A       56%         2
 Ensorcelled Hibernation  Hex/Ice        4%         N/A       56%         2
 Jinxbite                 Hex            4%         N/A       56%         2
 Confusing Touch          Hex            2%         N/A       80%         3
 Frozen Ramparts          Ice            4%         1d1       80%         3
 Hailstorm                Conj/Ice       2%         3d3       80%         3
 Sigil of Binding         Hex            2%         N/A       80%         3
 Vampiric Draining        Necr           2%         2d6       80%         3
 Anguish                  Hex/Necr       1%         N/A       99%         4
 Manifold Assault         Tloc           2%         N/A       99%         4
 Simulacrum               Ice/Necr       1%         N/A       100%        6
 Haunt                    Necr/Summ      1%         N/A       100%        7
 Ozocubu's Refrigeration  Ice            1%         4d7       100%        7
 Borgnjor's Revivificati  Necr           1%         N/A       100%        8
 Death's Door             Necr           1%         N/A       100%        9
 Polar Vortex             Ice            1%         N/A       100%        9


Dungeon Overview and Level Annotations

Branches:
Dungeon (7/15)             Temple (1/1) D:6           Sewer (visited)

Altars:
Ashenzari
Cheibriados
Dithmenos
Fedhas
Gozag
Hepliaklqana
Nemelex Xobeh
Okawaru
Ru
Sif Muna
Trog
Uskayaw
Vehumet
Xom
Yredelemnul


Innate Abilities, Weirdness & Mutations

You have a pair of small antennae on your head.
You are partially covered in icy blue scales. (AC +2)
You are partially covered in sharp spines.
When hurt, damage is shared between your health and your magic reserves.
You regenerate magic rapidly.


Message History

You hit the steam dragon.
You kill the steam dragon!
The gargoyle hits you with a +0 mace! The wight misses you.
Your life force feels restored.
Unknown command.
You hit the gargoyle but do no damage.
The gargoyle hurls a stone arrow at you.
The stone arrow hits you!
* * * LOW HITPOINT WARNING * * *
The wight is engulfed in a cloud of scalding steam.
The wight is destroyed!
Training target 7.0 for Fighting reached!
Training target 3.0 for Throwing reached!
Your Fighting skill increases to level 7!
Your Throwing skill increases to level 3!
You need to enable at least one skill for training.
You hit the gargoyle.
The gargoyle is lightly damaged.
You block the gargoyle's attack.
You hit the gargoyle but do no damage.
The gargoyle is lightly damaged.
The gargoyle closely misses you. x2
You barely miss the gargoyle.
The gargoyle is lightly damaged.
The gargoyle hits you with a +0 mace!
* * * LOW HITPOINT WARNING * * *
Okay, then.
You feel better. You block the gargoyle's attack.
You hit the gargoyle but do no damage.
The gargoyle is lightly damaged.
The gargoyle hurls a stone arrow at you.
You block the stone arrow.
You puncture the gargoyle!
The gargoyle is heavily damaged.
The gargoyle hits you with a +0 mace!
* * * LOW HITPOINT WARNING * * *
You closely miss the gargoyle.
The gargoyle is heavily damaged.
The gargoyle hits you with a +0 mace!
You die...

## ...............<)).....
..[..>.........).).#.#.
........#######.)†.....
......###..$..###.....#
.....##....... ##....#
.....#...... ..#.. ##....
###.# #9))# # ###.@[#
#†))### # ###.#..?#
#.#..§#...# ####
#....###.... ##..#
#.....##...... #...#
#.###..##...... ##...##
...####.####..). #.....#
..#..........#########.....#


You could see a gargoyle.

Vanquished Creatures
  Eustachio (D:5)
  A steam dragon (D:7)
  2 water moccasins
  Pargi (Sewer)
  A black bear (D:6)
  A centaur (D:5)
  2 phantoms
  A kobold brigand (D:7)
  3 bullfrogs
  A gnoll sergeant (D:7)
  A scorpion (D:5)
  4 wights
  2 howler monkeys
  2 hounds (D:7)
  An orc priest (D:7)
  3 jellies
  Crazy Yiuf (D:5)
  2 sleepcaps (D:5)
  7 orc wizards
  Robin (D:4)
  9 gnolls
  8 adders
  2 shadow imps
  A white imp (D:6)
  A worm (D:2)
  4 dart slugs
  21 orcs
  13 ball pythons
  9 bats
  7 endoplasms
  4 giant cockroaches
  12 goblins
  7 hobgoblins
  6 jackals (D:4)
  6 quokkas
  7 frilled lizards
  16 kobolds
  3 rats (D:1)
174 creatures vanquished.

Vanquished Creatures (others)
  A wight (D:7)
  An orc (D:7)
2 creatures vanquished.

Grand Total: 176 creatures vanquished

Notes
Turn   | Place    | Note
-------+----------+-------------------------------------------
     0 | D:1      | IdlyInterested the Demonspawn Fighter began the quest for
                  | the Orb.
     0 | D:1      | Reached XP level 1. HP: 18/18 MP: 1/1
   169 | D:1      | Gained mutation: You are partially covered in icy blue
                  | scales. (AC +2) [demonic ancestry]
   169 | D:1      | Reached XP level 2. HP: 13/24 MP: 2/2
   260 | D:1      | Found a faded altar of an unknown god.
   577 | D:1      | Reached skill level 1 in Throwing
   753 | D:1      | Gained mutation: You have a pair of small antennae on your
                  | head. [demonic ancestry]
   753 | D:1      | Reached XP level 3. HP: 11/29 MP: 3/3
  1328 | D:2      | Reached skill level 1 in Dodging
  1714 | D:2      | Reached XP level 4. HP: 36/37 MP: 4/4
  1865 | D:2      | Reached skill level 4 in Fighting
  1865 | D:2      | Reached skill level 1 in Stealth
  2322 | D:3      | Reached skill level 1 in Evocations
  2594 | D:3      | Gained mutation: You are partially covered in sharp spines.
                  | [demonic ancestry]
  2594 | D:3      | Reached XP level 5. HP: 18/42 MP: 5/5
  2834 | D:3      | Found a sacrificial altar of Ru.
  4098 | D:4      | Noticed Robin
  4114 | D:4      | Killed Robin
  4148 | D:5      | Entered Level 5 of the Dungeon
  4193 | D:5      | Found a runed translucent door.
  4194 | D:5      | Noticed Crazy Yiuf
  4268 | D:5      | Noticed a centaur
  4282 | D:5      | Killed a centaur
  4283 | D:5      | Reached XP level 6. HP: 25/49 MP: 6/6
  4610 | D:5      | Reached skill level 5 in Fighting
  4636 | D:5      | Noticed Eustachio
  4680 | D:5      | Killed Eustachio
  4681 | D:5      | Reached XP level 7. HP: 11/56 MP: 7/7
  5068 | D:5      | Reached skill level 5 in Shields
  5368 | D:5      | Killed Crazy Yiuf
  5644 | D:6      | Reached skill level 6 in Fighting
  5701 | D:6      | Found a glowing drain.
  5726 | Sewer    | Entered a sewer
  5932 | Sewer    | Noticed Pargi
  5941 | Sewer    | Killed Pargi
  5942 | Sewer    | Gained mutation: You regenerate magic rapidly. [demonic
                  | ancestry]
  5942 | Sewer    | Reached XP level 8. HP: 60/64 MP: 8/8
  6410 | D:6      | Found a staircase to the Ecumenical Temple.
  6430 | Temple   | Entered the Ecumenical Temple
  6472 | D:6      | Found an opulent altar of Gozag.
  6812 | D:6      | Noticed an angel
  6830 | D:6      | Found a broken altar of Ashenzari.
  7114 | D:7      | Reached skill level 5 in Spellcasting
  7512 | D:7      | Gained mutation: When hurt, damage is shared between your
                  | health and your magic reserves. [demonic ancestry]
  7512 | D:7      | Reached XP level 9. HP: 54/69 MP: 18/18
  7538 | D:7      | Noticed a gargoyle
  7545 | D:7      | Reached skill level 7 in Fighting
  7551 | D:7      | Slain by a gargoyle

Illustrated notes

Levels and vault maps discovered:
D:1:      mrwooster_arrival_statue, layout_basic,
          ebering_ecumenical_altar_petrified,
          wander_ebering_terrifying_dragon_lair
D:2:      layout_basic, serial_aquarium, aquarium_bridge_square
          [aquarium_subvault_balcony, aquarium_subvault_wall,
          aquarium_subvault_wall, aquarium_subvault_bridge],
          aquarium_bridge_long_joined [aquarium_subvault_wall,
          aquarium_subvault_balcony, aquarium_subvault_window,
          aquarium_subvault_balcony, aquarium_subvault_wall,
          aquarium_subvault_bridge], aquarium_window_fake,
          aquarium_window_corridor_1, aquarium_view_2f, aquarium_view_2b,
          aquarium_balcony_3a, aquarium_pool_1
D:3:      layout_basic, nicolae_ru_the_path_less_chosen
D:4:      layout_basic, minmay_misc_feat_four_crosses, uniq_robin
D:5:      layout_rooms, kennysheep_generic_room_16, uniq_crazy_yiuf_cottage,
          uniq_eustachio
D:6:      layout_basic, mainiacjoe_overflow_alcove_2, lemuel_tele_altar,
          zin_angel, minmay_temple_entry_arrows, serial_glass, glass_columns_b,
          glass_columns_b, glass_columns_c, glass_columns_b, glass_columns_b,
          glass_columns_b, portal_sewer_entry_f, bh_walls_and_bars
D:7:      layout_rooms, grunt_potential
Temple:   oiseaux_autumnal_temple

Skill      XL: |  1  2  3  4  5  6  7  8  9 |
---------------+----------------------------+-----
Short Blades   | 2 |  2.0
Armour         | 3 |  3.0
Throwing       | 1 2 3 |  3.0
Dodging        | 1 2 |  2.0
Shields        | 3 4 5 6 |  6.0
Fighting       | 4 5 6 7 |  7.0
Stealth        | 1 2 |  2.0
Evocations     | 1 2 |  2.0
Spellcasting   | 6 |  6.0

Action                     |  1- 3 |  4- 6 |  7- 9 || total
---------------------------+-------+-------+-------++-------
  Melee: Rapier            |   157 |   234 |   243 ||   634
  Throw: Dart              |       |    10 |       ||    10
         Stone             |       |     1 |    12 ||    13
         Throwing net      |       |       |     1 ||     1
    Use: Potion            |     1 |     4 |     8 ||    13
         Scroll            |       |     6 |     4 ||    10
 Armour: Scale mail        |   112 |       |       ||   112
         Quicksilver drago |     2 |   240 |   215 ||   457
  Dodge: Dodged            |    62 |   160 |   159 ||   381
  Block: Buckler           |    40 |    70 |   111 ||   221

Table legend: (Time is in decaauts)
 A = Elapsed time spent in this place.
 B = Non-inter-level travel time spent in this place.
 C = Inter-level travel time spent in this place.
 D = Time resting spent in this place.
 E = Time spent auto-exploring this place.
 F = Levels seen in this place.
 G = Mean time per level.
                   A        B        C        D        E       F      G
               +--------+--------+--------+--------+--------+-----+--------+
         Total |   7613 |   7013 |    600 |   1284 |   3907 |   9 |  845.9 |
       Dungeon |   7329 |   6729 |    600 |   1213 |   3823 |   7 | 1047.0 |
        Temple |      1 |      1 |      0 |      0 |      0 |   1 |    1.0 |
         Sewer |    281 |    281 |      0 |     71 |     84 |   1 |  281.0 |
               +--------+--------+--------+--------+--------+-----+--------+

Top non-repeatable levels by time:
     D:6: 1350 daAuts
     D:5: 1346 daAuts
     D:1: 1262 daAuts
     D:3: 1083 daAuts
     D:2: 968 daAuts
     D:4: 924 daAuts
     D:7: 395 daAuts
   Sewer: 281 daAuts
  Temple: 1 daAuts
